 Dungeon Crawl Stone Soup version 0.24-a0-530-g18ba70b503 (webtiles) character file.

Game seed: 7804503366309447265

6931 MirrMurr the Covert (level 10, -1/49 HPs)
             Began as a Spriggan Enchanter on Aug 7, 2019.
             Was a Priest of Dithmenos.
             Slain by Joseph
             ... wielding a +6 quarterstaff of pain
              (2 damage)
             ... on level 9 of the Dungeon.
             The game lasted 00:28:39 (10864 turns).

MirrMurr the Covert (Spriggan Enchanter)           Turns: 10864, Time: 00:28:39

Health: -1/49      AC:  4    Str:  7    XL:     10   Next: 80%
Magic:  14/18      EV: 34    Int: 18    God:    Dithmenos [***...]
Gold:   475        SH:  0    Dex: 16    Spells: 3/18 levels left

rFire    . . .     SeeInvis +   b - +4 rapier (venom)
rCold    . . .     Gourm    .   (shield restricted)
rNeg     . . .     Faith    .   t - +2 robe
rPois    .         Spirit   .   (helmet restricted)
rElec    .         Reflect  .   (no cloak)
rCorr    .         Harm     .   (gloves unavailable)
MR       ++...                  (boots unavailable)
Stlth    ++++++++..             (no amulet)
HPRegen  0.16/turn              m - ring of protection from magic
MPRegen  0.16/turn              s - +6 ring of evasion

@: wreathed by umbra, very quick
A: very small, unfitting armour, see invisible, herbivore, speed 3, slow
metabolism 2
a: Shadow Step, Renounce Religion


You were on level 9 of the Dungeon.
You worshipped Dithmenos.
Dithmenos was most pleased with you.
You were not hungry.

You visited 2 branches of the dungeon, and saw 10 of its levels.

You collected 475 gold pieces.

Inventory:

Hand Weapons
 a - a +0 dagger of venom
 b - a +4 rapier of venom (weapon)
 g - the +6 falchion of Ran Qidicw {drain, *Corrode +Fly rPois rN++ Dex+3}
   (You found it on level 6 of the Dungeon)

   A truly terrible weapon, it drains the life of those it strikes.
   It affects your dexterity (+3).
   It protects you from poison.
   It greatly protects you from negative energy.
   It lets you fly.
   It may corrode you when you take damage.
 B - a +3 vampiric dagger
Missiles
 d - a throwing net {!f}
 e - 157 stones (quivered)
 q - 156 sling bullets
 w - 32 poisoned darts
Armour
 t - a +2 robe (worn)
Jewellery
 m - a ring of protection from magic (left hand)
 s - a +6 ring of evasion (right hand)
 D - an uncursed ring of ice
Wands
 n - a wand of scattershot (7)
 y - a wand of digging (3)
 A - a wand of paralysis (9)
 E - a wand of flame (16)
Scrolls
 i - a scroll of blinking
 l - a scroll of identify
 r - 4 scrolls of remove curse
 x - a scroll of teleportation
Potions
 f - 3 potions of mutation
 h - 2 potions of lignification {unknown}
 j - 3 potions of haste
 k - 3 potions of agility
 o - 2 potions of ambrosia
 p - a potion of curing
 u - 2 potions of flight
 v - a potion of berserk rage {under oklob, unknown}
 z - 3 potions of invisibility
Comestibles
 c - 11 rations


   Skills:
 + Level 3.6 Fighting
 + Level 8.4 Short Blades
 + Level 12.4 Dodging
 + Level 12.8 Stealth
 + Level 4.9 Spellcasting
 + Level 8.7 Hexes


You had 3 spell levels left.
You knew the following spells:

 Your Spells              Type           Power        Failure   Level  Hunger
a - Ensorcelled Hibernat  Hex/Ice        ###...       3%          2    #......
b - Confuse               Hex            #####...     1%          3    ###....
c - Tukima's Dance        Hex            #####...     1%          3    ###....
d - Dazzling Spray        Conj/Hex       ###...       7%          3    ###....
e - Call Imp              Summ           #.......     21%         2    #......
B - Blink                 Tloc           N/A          21%         2    #......

Your spell library contained the following spells:

 Spells                   Type           Power        Failure   Level  Hunger
 Corona                   Hex            #####..      1%          1    None
 Slow                     Hex            #####...     1%          2    #......
 Magic Dart               Conj           #...         14%         1    None
 Conjure Flame            Conj/Fire      #.......     38%         3    ###....
 Mephitic Cloud           Conj/Pois/Air  #.......     38%         3    ###....


Dungeon Overview and Level Annotations

Branches:
Dungeon (9/15)             Temple (1/1) D:4            Lair (0/6) D:9
    Orc: D:9-12

Altars:
Ashenzari
Cheibriados
Dithmenos
Elyvilon
Fedhas
Gozag
Hepliaklqana
Kikubaaqudgha
Makhleb
Nemelex Xobeh
Okawaru
Qazlal
Ru
Sif Muna
Trog
Uskayaw
Vehumet
Wu Jian
Xom
Yredelemnul
Zin
The Shining One

Shops:
D:4 =

Annotations:
D:7 1 runed translucent door, anything's ghost, novice FoHu
D:9 Joseph


Innate Abilities, Weirdness & Mutations

You are very small and have problems with some larger weapons.
You are too small for most types of armour.
You have supernaturally acute eyesight. (SInv)
You are a herbivore.
You cover ground extremely quickly.
You need to consume almost no food.


Message History

You closely miss Joseph.
Joseph is severely wounded.
You hit Joseph but do no damage.
Joseph looks as sick as possible!
Joseph is severely wounded.
Joseph completely misses you.
You feel better. Joseph barely misses you.
You puncture Joseph!
Joseph is almost dead.
Joseph barely misses you.
You hit Joseph.
Joseph is almost dead.
You closely miss Joseph.
Joseph is almost dead.
Joseph misses you.
You hit Joseph but do no damage.
Joseph is almost dead.
Joseph hits you with a +6 quarterstaff of pain!!
* * * LOW HITPOINT WARNING * * *
You emit a cloud of dark smoke.
You writhe in agony.
You die... .........##P..P........ ....>.......P....<..... ..........P............ .......P..PP.P...P... .........PPPP...... #.....PPP.P.P.P... #.§.P.PP(..PPP...† #@PP.P..PPP.PPPP.#

#@§PPP.PPP.P.....#
#§P.PP....PP.P...#
##+#####..P.PPP>P.....P.#
#.........PP.PP...P..P.P.
#........PPPP...P..P.....
#.......P..PPP.P....P.P..
#..........PP...P.P.P.(..
#............P.......P...
#......)..P.....PPP......


You could see Joseph.

Vanquished Creatures
  Erolcha (D:9)
  A hornet (D:8)
  Prince Ribbit (D:6)
  A hippogriff (D:5)
  A yak (D:9)
  4 hogs (D:8)
  Grum (D:9)
  A human (D:8)
  Edmund (D:6)
  Menkaure (D:7)
  Duvessa (D:6)
  2 orc warriors
  2 black bears
  2 porcupines (D:9)
  2 sky beasts (D:5)
  A phantom (D:5)
  3 ogres
  A centaur (D:9)
  3 wolves (D:9)
  2 crocodiles (D:9)
  A big kobold (D:7)
  7 bullfrogs
  Dowan (D:6)
  A gnoll sergeant (D:6)
  A wyvern skeleton (D:6)
  3 scorpions
  10 killer bees
  An oklob sapling (D:4)
  2 wights (D:7)
  4 howler monkeys
  2 crimson imps
  3 bullfrog zombies
  3 hounds
  A quasit (D:8)
  2 orc priests (D:8)
  2 orc wizards
  2 centaur skeletons
  6 worker ants
  An iguana (D:9)
  A killer bee zombie (D:7)
  3 hound skeletons
  2 howler monkey zombies (D:8)
  3 worker ant zombies
  7 gnolls
  6 adders
  A shadow imp (D:9)
  3 oozes
  3 worms
  3 dart slugs
  7 leopard geckos
  10 orcs
  A giant cockroach (D:5)
  5 goblins
  10 hobgoblins
  12 jackals
  8 quokkas
  8 bats
  5 frilled lizards
  11 kobolds
  A quokka skeleton (D:9)
  3 rats
  A plant (D:4)
199 creatures vanquished.

Vanquished Creatures (collateral kills)
  A wight (D:7)
  A gnoll (D:6)
  An orc (D:8)
3 creatures vanquished.

Vanquished Creatures (others)
  A dancing weapon (D:6)
  21 fungi (D:9)
  3 plants (D:9)
25 creatures vanquished.

Grand Total: 227 creatures vanquished

Notes
Turn   | Place    | Note
-------+----------+-------------------------------------------
     0 | D:1      | MirrMurr the Spriggan Enchanter began the quest for the
                  | Orb.
     0 | D:1      | Reached XP level 1. HP: 9/9 MP: 5/5
    28 | D:1      | You fall into a shaft and drop 1 floor!
   255 | D:1      | Reached XP level 2. HP: 12/13 MP: 3/6
   260 | D:1      | Reached skill level 5 in Stealth
   504 | D:1      | Learned a level 2 spell: Ensorcelled Hibernation
  1753 | D:2      | Reached XP level 3. HP: 16/16 MP: 5/8
  1770 | D:2      | Learned a level 3 spell: Confuse
  2188 | D:2      | Reached XP level 4. HP: 21/21 MP: 9/9
  3169 | D:3      | Found a burning altar of Makhleb.
  3169 | D:3      | Found a hide-covered altar of Uskayaw.
  3228 | D:3      | Reached XP level 5. HP: 24/24 MP: 5/10
  3902 | D:4      | Found Jakop's Jewellery Boutique.
  3934 | D:4      | Found a staircase to the Ecumenical Temple.
  4096 | D:4      | You fall into a shaft and drop 2 floors!
  4106 | D:6      | Reached XP level 6. HP: 28/28 MP: 8/11
  4111 | D:6      | Learned a level 3 spell: Tukima's Dance
  4136 | D:6      | Noticed Prince Ribbit
  4143 | D:6      | Killed Prince Ribbit
  4208 | D:5      | Entered Level 5 of the Dungeon
  4208 | D:5      | Noticed a sky beast
  4208 | D:5      | Noticed a hippogriff
  4211 | D:5      | Killed a hippogriff
  4211 | D:5      | Reached XP level 7. HP: 32/32 MP: 11/13
  4215 | D:5      | Reached skill level 5 in Hexes
  4784 | Temple   | Entered the Ecumenical Temple
  4983 | Temple   | Became a worshipper of Dithmenos the Shadowed
  5098 | D:5      | Reached XP level 8. HP: 30/36 MP: 9/15
  5513 | D:5      | Reached skill level 1 in Fighting
  5626 | D:6      | Got an ichor-stained falchion
  6047 | D:6      | Reached skill level 5 in Dodging
  6221 | D:6      | Noticed Duvessa
  6221 | D:6      | Noticed Dowan
  6355 | D:6      | Killed Duvessa
  6361 | D:6      | Killed Dowan
  6427 | D:6      | You fall into a shaft and drop 1 floor!
  6446 | D:7      | Reached * piety under Dithmenos
  6506 | D:6      | Noticed Edmund
  6547 | D:6      | Killed Edmund
  7174 | D:7      | Identified the +6 falchion of Ran Qidicw {drain, *Corrode
                  | +Fly rPois rN++ Dex+3} (You found it on level 6 of the
                  | Dungeon)
  7206 | D:7      | Found a runed translucent door.
  7206 | D:7      | Noticed anything's ghost (novice FoHu)
  7250 | D:7      | Reached XP level 9. HP: 37/44 MP: 16/16
  7362 | D:7      | Reached ** piety under Dithmenos
  7823 | D:7      | Found a shimmering altar of Xom.
  7823 | D:7      | Found a blossoming altar of Fedhas.
  7943 | D:7      | Noticed Menkaure
  7955 | D:7      | Killed Menkaure
  8545 | D:8      | Learned a level 3 spell: Dazzling Spray
  8548 | D:8      | Learned a level 2 spell: Blink
  8551 | D:8      | Learned a level 2 spell: Call Imp
  9038 | D:8      | Reached skill level 10 in Stealth
  9255 | D:8      | Reached skill level 10 in Dodging
  9688 | D:8      | Reached XP level 10. HP: 27/49 MP: 17/17
  9845 | D:8      | Reached *** piety under Dithmenos
 10243 | D:9      | Found a staircase to the Lair.
 10332 | D:9      | Noticed Erolcha
 10362 | D:9      | Killed Erolcha
 10737 | D:9      | Noticed Grum
 10806 | D:9      | Killed Grum
 10826 | D:9      | Noticed Joseph
 10864 | D:9      | HP: 1/49 [Joseph/+6 quarterstaff of pain (24)]
 10864 | D:9      | Slain by Joseph

Levels and vault maps discovered:
D:1:      roderic_chinese_lattice_arrival, layout_basic, minmay_pentomino_s2
D:2:      layout_basic, serial_forest, infiniplex_forest_straight_4,
          infiniplex_forest_zigzag_2, infiniplex_forest_clump_tiny,
          infiniplex_forest_clump_long, infiniplex_forest_lined_corner
D:3:      layout_loops_ring, amethyst_overflow_temple_binary, first_ration
D:4:      layout_basic, minmay_temple_entry_oklob, serial_shops, kennysheep_mini
D:5:      layout_rooms
D:6:      layout_basic, uniq_prince_ribbit1, uniq_duvessa, uniq_edmund
D:7:      layout_basic, gammafunk_temple_overflow_pools, gammafunk_ghost_grave,
          uniq_menkaure
D:8:      layout_gridville, grunt_livestock, minmay_checkerbox
D:9:      layout_roguey, due_lair_maze_entry_diamond, david_orc_4, uniq_grum,
          uniq_erolcha, uniq_joseph
Temple:   eino_narrow_crystal_temple

Skill      XL: |  1  2  3  4  5  6  7  8  9 10 |
---------------+-------------------------------+-----
Stealth        | 5 6 7 8 11 12 | 12.8
Short Blades   | 2 3 4 6 8 |  8.4
Spellcasting   | 3 4 |  4.9
Hexes          | 4 7 8 |  8.7
Fighting       | 3 |  3.6
Dodging        | 7 10 12 | 12.4

Action                   |  1- 3 |  4- 6 |  7- 9 | 10-12 || total
-------------------------+-------+-------+-------+-------++-------
Melee: Dagger            |   141 |    83 |   175 |       ||   399
       Rapier            |       |       |   277 |   201 ||   478
Throw: Stone             |       |     1 |       |       ||     1
 Cast: Corona            |     5 |       |       |       ||     5
       Ensorcelled Hiber |    18 |    28 |    25 |     8 ||    79
       Confuse           |       |     2 |    21 |     8 ||    31
       Tukima's Dance    |       |       |     5 |       ||     5
  Use: Scroll            |       |     1 |    23 |       ||    24
       Potion            |       |       |       |     1 ||     1
 Stab: Sleeping          |    16 |    25 |    29 |     7 ||    77
       Distracted        |     1 |     1 |       |       ||     2
       Confused          |       |       |    18 |     3 ||    21
  Eat: Ration            |       |     2 |     4 |     2 ||     8
Armor: Robe              |    22 |     2 |    19 |     3 ||    46
Dodge: Dodged            |   130 |    37 |   336 |   235 ||   738

Table legend:
 A = Non-vault XP
 B = Vault XP
 C = Vault XP percentage of total XP
 D = Non-vault monster count
 E = Vault monster count
 F = Vault count percentage of total count
                 A         B        C        D         E       F
            +---------+---------+-------+---------+---------+-------
      Total |    5397 |    4505 |  45.5 |     170 |      31 |  15.4
            +---------+---------+-------+---------+---------+-------
        D:1 |      23 |       3 |  11.5 |      14 |       2 |  12.5
        D:2 |      93 |       0 |   0.0 |      20 |       0 |   0.0
        D:3 |     102 |       0 |   0.0 |      23 |       0 |   0.0
        D:4 |      75 |      60 |  44.4 |       4 |       1 |  20.0
        D:5 |    1098 |       0 |   0.0 |      17 |       0 |   0.0
        D:6 |     586 |     629 |  51.8 |      19 |       4 |  17.4
        D:7 |     743 |     172 |  18.8 |      30 |       1 |   3.2
        D:8 |    1526 |    1210 |  44.2 |      27 |       9 |  25.0
        D:9 |    1151 |    2431 |  67.9 |      16 |      14 |  46.7
            +---------+---------+-------+---------+---------+-------
